AoeStats
← ITZ | AutocavS

Arabia

509260729Analyzed
2v2 RM · 8d ago on Sep 26, 2026· 45m 12s· 4 players
Game mode
Random Map
Map size
Medium (4 player)
Population
200
Speed
Normal
Resources
Standard
Victory
Conquest
Starting age
Dark Age
Ending age
Imperial Age
RankedLock teamsTeams togetherTeam positionsShared explorationLock speedFull tech treeHidden civsTurbo modeCheats
Victory
Defeat
🇦🇷 Maya · Argentina
1418
+17
🇦🇷 Franks · Argentina
1405
+17
1519
-21
🇨🇱 Magyars · Chile
1342
-13
ITZ | Cappe73
0:25 Loom
9:40 Feudal Age
10:46 Double-Bit Axe
13:10 Fletching
18:42 Padded Archer Armor
19:39 Wheelbarrow
23:13 Castle Age
21:38 Gold Mining
23:28 Crossbowman
24:04 Bodkin Arrow
24:20 Bow Saw
24:28 Town Watch
27:03 Ballistics
29:44 Thumb Ring
33:27 Hand Cart
41:24 Imperial Age
38:55 Horse Collar
40:01 Stone Mining
39:48 Eagle Warrior
40:29 Squires
40:30 Scale Mail Armor
40:33 Arson
41:00 Forging
41:33 Stone Shaft Mining
41:29 Elite Eagle Warrior
42:33 Chain Mail Armor
43:49 Spies/Treason
45:47 Conscription
ITZ | AutocavS
6:19 Loom
9:13 Feudal Age
9:51 Double-Bit Axe
21:47 Castle Age
19:40 Gold Mining
20:01 Scale Barding Armor
21:22 Forging
23:50 Chain Barding Armor
31:33 Husbandry
37:00 Wheelbarrow
41:30 Imperial Age
41:39 Cavalier
42:56 Plate Barding Armor
43:58 Spies/Treason
AiM | Walter Quiver
6:43 Loom
9:06 Feudal Age
11:47 Fletching
17:30 Double-Bit Axe
18:22 Padded Archer Armor
19:26 Wheelbarrow
19:48 Horse Collar
26:33 Castle Age
26:28 Gold Mining
27:11 Bodkin Arrow
26:38 Crossbowman
28:06 Bow Saw
29:15 Leather Archer Armor
29:23 Ballistics
31:55 Thumb Ring
32:52 Gold Shaft Mining
32:18 Heavy Plow
DD2E D10 Bulldozer
6:54 Loom
9:23 Feudal Age
10:13 Double-Bit Axe
15:28 Horse Collar
17:38 Scale Barding Armor
20:15 Fletching
24:49 Castle Age
Connection lost

Rejoining the realm…

Still unreachable

The connection could not be restored.

Session expired

The server has moved on; the page needs a fresh start.